 Dungeon Crawl Stone Soup version 0.30.1-11-g7821555f0a (webtiles) character file.

Game seed: 344072564098608296

30 Peloso the Covered (level 3, 33/33 HPs)
             Began as a Minotaur Fighter on Jan 7, 2024.
             Got out of the dungeon alive.
             The game lasted 00:01:55 (930 turns).

Peloso the Covered (Minotaur Fighter)                Turns: 930, Time: 00:01:55

Health: 33/33      AC:  7    Str: 20    XL:     3   Next: 5%
Magic:  2/2        EV:  9    Int:  5    God:
Gold:   42         SH:  4    Dex: 11    Spells: 2/2 levels left

rFire   + . .        a - +0 long sword
rCold   . . .        c - +0 buckler
rNeg    . . .        b - +0 scale mail
rPois   .            (helmet unavailable)
rElec   .            (no cloak)
rCorr   .            (no gloves)
SInv    .            (no boots)
Will    .....        (no amulet) Stlth
                     (no ring)
HPRegen 0.25/turn    (no ring)
MPRegen 0.08/turn

%: no passive effects
@: no status effects
A: horns 3, retaliatory headbutt, fire resistance 1
a: no special abilities


You escaped.
You visited 1 branch of the dungeon, and saw 2 of its levels.

You collected 42 gold pieces.

Inventory:

Hand Weapons
 a - a +0 long sword (weapon)
Armour
 b - a +0 scale mail (worn)
 c - a +0 buckler (worn)
Scrolls
 e - a scroll of magic mapping {unknown}
 g - a scroll of identify {unknown}
 h - a scroll of noise {unknown}
Potions
 d - a potion of might
 f - a potion of curing
 j - a potion of invisibility {unknown}


   Skills:
 + Level 3.9 Fighting
 + Level 2.6 Long Blades
 + Level 4.2 Armour
 + Level 4.2 Shields


You had 2 spell levels left.
You didn't know any spells.
Your spell library was empty.

Dungeon Overview and Level Annotations

Branches:
Dungeon (2/15)

Altars:
Kikubaaqudgha


Innate Abilities, Weirdness & Mutations

You have a pair of large horns on your head.
You reflexively headbutt those who attack you in melee.
Your flesh is heat resistant. (rF+)


Message History

You kill the endoplasm!
You have reached level 3!
Your experience leads to an increase in your attributes!
Increase (S)trength, (I)ntelligence, or (D)exterity?
You feel agile. x2
An endoplasm comes into view.
The endoplasm quivers.
An endoplasm is nearby!
An endoplasm is nearby!
An endoplasm is nearby!
An endoplasm is nearby!
Found a scroll labelled QOUW ODAOT and 23 gold pieces.
The endoplasm freezes you.
You are frozen.
You slash the endoplasm!
You kill the endoplasm!
It was a potion of curing.
You feel better.
It was a potion of mutation.
You feel extremely strange.
Your feet thicken and deform.
Really quaff the potion of mutation?
You feel extremely strange.
Your hooves expand and flesh out into feet!
You feel resistant to heat. The horns on your head grow some more.
Unknown command.
(D) Dungeon
Where to? (? - help)
What level of the Dungeon? (default 1, ? - help)
There is a stone staircase leading up here.
You climb upwards.
There is a stone staircase leading down here.
(D) Dungeon
Where to? (Enter - D:1 @ (x,y), ? - help)
There is an open door here.
You enter the shallow water.
Moving in this stuff is going to be slow.
You see here a +0 falchion.
You see here a +0 dagger.
There is a staircase leading out of the dungeon here.
Are you sure you want to leave the Dungeon?
This will make you lose the game!
You have escaped!

~~~~....###.......#######.......#
~~~....##......###.......###.....
~~....##....###.............###..
≈~~..###...#......#######......#.
≈~~..# ...#.....### ###.....#
≈~..## #....## ##....# ≈~..#
#....## ##....# ≈~~.# #.....###
###.....# ≈~~.#
#...#....@.#######......#. ≈~~.#
#....###.............###.. ≈~~.#
##......###.......###..... ~~..##
###.......#######.......#
≈.P..##########... ........#####
~...........# #### ######### #
~...#######.# ≈~..# #.###########
≈#~.# #.#.........#


There were no monsters in sight!

Vanquished Creatures
  4 bats (D:1)
  4 endoplasms
  4 goblins (D:1)
  3 hobgoblins (D:1)
  A quokka (D:1)
  5 ball pythons
  4 frilled lizards (D:1)
  A kobold (D:1)
  2 rats (D:1)
28 creatures vanquished.

Notes
Turn   | Place    | Note
-------+----------+-------------------------------------------
     0 | D:1      | Peloso the Minotaur Fighter began the quest for the Orb.
     0 | D:1      | Reached XP level 1. HP: 19/19 MP: 0/0
   133 | D:1      | Reached XP level 2. HP: 27/27 MP: 1/1
   562 | D:1      | You fall into a shaft and drop 1 floor!
   574 | D:2      | Found an ancient bone altar of Kikubaaqudgha.
   677 | D:2      | Reached XP level 3. HP: 33/33 MP: 2/2
   702 | D:2      | Gained mutation: You have large cloven feet. [potion of
                  | mutation]
   703 | D:2      | Lost mutation: You have large cloven feet. [potion of
                  | mutation]
   703 | D:2      | Gained mutation: Your flesh is heat resistant. (rF+)
                  | [potion of mutation]
   703 | D:2      | Gained mutation: You have a pair of large horns on your
                  | head. [potion of mutation]
   930 | D:$      | Got out of the dungeon alive.

Illustrated notes

Levels and vault maps discovered:
D:1:      dpeg_arrival_oval, layout_basic, chequers_big_river
D:2:      minmay_spotlight, layout_loops_ring, serial_co_window_serial,
          co_window_corner_a, co_window_corner_a, co_window_corner_a,
          co_window_corner_a, co_window_paths_b, co_window_paths_a,
          co_window_corner_a, co_window_of_opportunity_b,
          co_window_unsneaky_path_c, co_window_corner_cb, co_window_broadway_c,
          co_window_4corner_a, basic_altar

Skill      XL: |  1  2 |
---------------+-------+-----
Shields        | 4 |  4.2
Armour         | 4 |  4.2
Fighting       | |  3.9
Long Blades    | |  2.6

Action                     || total
---------------------------++-------
  Melee: Long sword        ||    49
         Headbutt          ||     9
    Use: Potion            ||     3
 Armour: Scale mail        ||    39
  Dodge: Dodged            ||    29
  Block: Buckler           ||    13
